[Event "Titled Tuesday Blitz July 05 Early 2022"]
[White "Malek, Jan"]
[Black "Niemann, Hans Moke"]
[WhiteFideId "21864080"]
[BlackFideId "2093596"]
[WhiteElo "2145"]
[BlackElo "2632"]
[Result "0-1"]
[Round "08"]
[TimeControl "180+1"]
[Date "2022.07.05"]
[WhiteClock "0:00:05"]
[BlackClock "0:00:03"]

1. e4 c6 2. d4 d5 3. e5 Bf5 4. Nd2 e6 5. Nb3 Ne7 6. Nf3 h6 7. c4 Nd7 8. Bd2 a5 9. a4 dxc4 10. Bxc4 Nd5 11. O-O Be7 12. h3 O-O 13. Re1 Qb6 14. Rc1 Rfd8 15. Qe2 Bb4 16. Bc3 Nxc3 17. bxc3 Ba3 18. Ra1 Be7 19. Nfd2 Qc7 20. Bd3 Bxd3 21. Qxd3 c5 22. Qb5 cxd4 23. cxd4 Qb6 24. Qd3 Bb4 25. Nc4 Qc6 26. Rec1 Qa6 27. Qf1 Nb8 28. Nc5 Bxc5 29. dxc5 Nc6 30. Rd1 Rab8 31. f4 Nb4 32. Nb6 Nd3 33. Rac1 Nxc1 34. Rxc1 Qxf1+ 35. Kxf1 Rd4 36. g3 Rbd8 37. Nc4 Rd1+ 38. Rxd1 Rxd1+ 39. Ke2 Rd5 40. Nxa5 Rxc5 41. Nxb7 Rc7 42. Nd6 Ra7 43. Kf3 Rxa4 44. h4 h5 45. Ne4 Ra3+ 46. Kg2 Kf8 47. Ng5 Ke7 48. Kh3 f6 49. exf6+ gxf6 50. Ne4 e5 51. fxe5 fxe5 52. Kg2 Ke6 53. Ng5+ Kf5 54. Nf3 Rd3 55. Kf2 e4 56. Ng5 Ra3 57. Nh3 Kg4 58. Ng5 e3+ 59. Ke2 Kxg3 60. Nf3 Kg4 0-1


[Site "https://www.chess.com"]

[Event "Titled Tuesday Blitz July 05 Early 2022"]
[White "Martinez Alcantara, Jose Eduardo"]
[Black "Mitrabha, Guha"]
[WhiteFideId "3805662"]
[BlackFideId "5057000"]
[WhiteElo "2703"]
[BlackElo "2499"]
[Result "0-1"]
[Round "08"]
[TimeControl "180+1"]
[Date "2022.07.05"]
[WhiteClock "0:00:07"]
[BlackClock "0:00:03"]

1. e4 c6 2. d4 d5 3. e5 Bf5 4. h4 h5 5. Bd3 Bxd3 6. Qxd3 e6 7. Nf3 Qa5+ 8. Nbd2 Qa6 9. c4 Ne7 10. O-O Nf5 11. Rd1 Bb4 12. b3 O-O 13. Qc2 Nd7 14. Nf1 dxc4 15. bxc4 Nb6 16. Rb1 Be7 17. c5 Nd5 18. Bg5 b6 19. Bxe7 Ndxe7 20. N1d2 bxc5 21. dxc5 Rfd8 22. Ne4 Rd5 23. Nd6 Qa5 24. Rxd5 cxd5 25. Ng5 Rf8 26. g3 g6 27. c6 Nd4 28. Nb7 Qa6 29. Qc5 Nexc6 30. Nh7 Rb8 31. Nf6+ Kg7 32. Nd7 Rc8 33. Nd6 Rd8 34. Nf6 Qd3 35. Nde8+ Rxe8 36. Nxe8+ Kh7 37. Nf6+ Kg7 38. Ne8+ Kh7 39. Qf8 Qxb1+ 40. Kh2 Nf3+ 41. Kg2 Ne1+ 42. Kh2 Nf3+ 43. Kh3 Qh1# 0-1


[Site "https://www.chess.com"]

[Event "Titled Tuesday Blitz July 05 Early 2022"]
[White "Maximov, Dmitry"]
[Black "Nakamura, Hikaru"]
[WhiteFideId "14105659"]
[BlackFideId "2016192"]
[WhiteElo "2494"]
[BlackElo "2850"]
[Result "0-1"]
[Round "08"]
[TimeControl "180+1"]
[Date "2022.07.05"]
[WhiteClock "0:00:02"]
[BlackClock "0:00:31"]

1. e4 g6 2. d4 Bg7 3. Nc3 a6 4. Be3 b5 5. Qd2 Bb7 6. f3 d6 7. a4 b4 8. Nd1 a5 9. c3 bxc3 10. bxc3 Nd7 11. h4 Ngf6 12. Bd3 e5 13. Ne2 O-O 14. Bh6 d5 15. Bxg7 Kxg7 16. Nf2 c5 17. O-O dxe4 18. fxe4 cxd4 19. cxd4 exd4 20. Qf4 Qb8 21. Qxb8 Raxb8 22. Nxd4 Ne5 23. Bb5 Rfd8 24. Nb3 Ra8 25. Nc5 Ra7 26. Rab1 Ba8 27. Rfc1 h5 28. Rc3 Rd4 29. Nb3 Rb4 30. Re1 Neg4 31. e5 Nd5 32. Rg3 Nh6 33. e6 Nf5 34. Rd3 fxe6 35. Nc5 Re7 36. Rxe6 Rxe6 37. Nxe6+ Kh6 38. g3 Rb1+ 39. Rd1 Rb3 40. Rd3 Rb1+ 41. Rd1 Rxd1+ 42. Nxd1 Nxg3 43. Nb2 Nc3 44. Nc4 Bd5 45. Nf4 Bxc4 46. Bxc4 Nf5 47. Ng2 Nxa4 48. Kf2 Nc5 49. Kf3 a4 50. Kf4 a3 51. Ke5 Na4 52. Nf4 Nxh4 53. Kf6 Nb6 54. Bf7 Nd7+ 55. Ke7 Ne5 56. Bd5 g5 57. Ne6 Neg6+ 58. Kf6 Nf4 59. Nxg5 Nxd5+ 60. Ke5 Kxg5 0-1


[Site "https://www.chess.com"]

[Event "Titled Tuesday Blitz July 05 Early 2022"]
[White "Melkumyan, Hrant"]
[Black "Tanenbaum, Zachary"]
[WhiteFideId "13302485"]
[BlackFideId "2060850"]
[WhiteElo "2604"]
[BlackElo "2175"]
[Result "0-1"]
[Round "08"]
[TimeControl "180+1"]
[Date "2022.07.05"]
[WhiteClock "0:00:06"]
[BlackClock "0:00:07"]

1. Nf3 d5 2. e3 Nf6 3. c4 dxc4 4. Bxc4 e6 5. b3 a6 6. Bb2 c5 7. O-O Nc6 8. d4 cxd4 9. Nxd4 Bd7 10. Be2 Nxd4 11. Qxd4 Bc6 12. Qh4 g5 13. Qd4 Qxd4 14. Bxd4 Bg7 15. Nd2 O-O 16. Bf3 Bxf3 17. Nxf3 Ne4 18. Rac1 Rac8 19. h3 h6 20. Rfd1 Bxd4 21. Nxd4 e5 22. Rxc8 Rxc8 23. Nf5 Rc2 24. f3 Nc3 25. Rd7 Kh7 26. Rxb7 Rxa2 27. Nd6 Nd5 28. Nxf7 Nxe3 29. Nxe5+ Kg8 30. Ng4 Nxg2 31. Nxh6+ Kh8 32. Nf7+ Kg8 33. Nxg5 Nf4 34. Re7 Rg2+ 35. Kf1 Rxg5 36. h4 Rb5 37. Kf2 Rxb3 38. Kg3 Rb4 39. Ra7 Nh5+ 40. Kh3 Ra4 41. Re7 Nf4+ 42. Kg3 Ng6 43. Ra7 Nxh4 44. f4 Ng6 45. f5 Ne5 46. f6 a5 47. Kh3 Ra1 48. Kh4 a4 49. Kg5 a3 50. Ra8+ Kf7 51. Ra7+ Ke6 52. Ra6+ Kd5 53. Ra5+ Ke4 54. Ra4+ Ke3 55. Kf5 Nf7 56. Ke6 Ng5+ 57. Kf5 Nf7 58. Ke6 Nh6 59. Ke7 a2 60. Kf8 Kd3 61. Ra8 Kc3 62. Rc8+ Kb3 63. Rb8+ Kc3 64. Ra8 Kb4 65. Rb8+ Kc5 66. Ra8 Kd6 67. Ra3 Ke6 68. Ra6+ Kf5 69. Kg7 Kg5 70. Ra5+ Nf5+ 71. Kf7 Rc1 72. Rxa2 Rc7+ 73. Ke6 Rc6+ 74. Ke5 Rc5+ 75. Ke6 Rc6+ 76. Ke5 Rc5+ 77. Ke6 Nd4+ 78. Kd6 Rf5 79. Ke7 Nc6+ 80. Ke6 Rxf6+ 81. Kd5 Nb4+ 82. Ke5 Nxa2 0-1


[Site "https://www.chess.com"]

[Event "Titled Tuesday Blitz July 05 Early 2022"]
[White "Molina, Roberto Junio Brito"]
[Black "Moon, Benjamin"]
[WhiteFideId "2109450"]
[BlackFideId "2064847"]
[WhiteElo "2432"]
[BlackElo "2601"]
[Result "1-0"]
[Round "08"]
[TimeControl "180+1"]
[Date "2022.07.05"]
[WhiteClock "0:00:14"]
[BlackClock "0:00:08"]

1. d4 Nf6 2. Nf3 g6 3. e3 Bg7 4. Be2 O-O 5. O-O d5 6. c4 c5 7. dxc5 Na6 8. c6 bxc6 9. Nc3 Rb8 10. Nd4 Bb7 11. cxd5 cxd5 12. Qa4 Qb6 13. Qa3 e5 14. Nf3 Rfe8 15. Bd2 Bf8 16. Qb3 Qe6 17. Rfc1 Nc5 18. Qd1 Rbd8 19. Nb5 Qb6 20. a4 a5 21. b4 axb4 22. a5 Qe6 23. Nc7 Qf5 24. Nxe8 Rxe8 25. Bxb4 Nce4 26. Bxf8 Rxf8 27. a6 Ba8 28. h3 d4 29. exd4 Nxf2 30. Kxf2 e4 31. Qc2 Nd5 32. Kg1 Ne3 33. Qd2 Nxg2 34. Qg5 exf3 35. Qxf5 gxf5 36. Bb5 Nf4 37. Bc6 Ne2+ 38. Kf2 Nxc1 39. Rxc1 Bxc6 40. Rxc6 Kg7 41. a7 Ra8 42. Ra6 Kf8 43. Kxf3 Ke7 44. Kf4 Kd7 45. Kxf5 Kc7 46. Kf6 Kb7 47. Ra1 h5 48. h4 Kc6 49. Ra5 Kb6 50. Ra2 Kc6 51. Ra3 Kd5 52. Ra4 Kd6 53. Kxf7 Kd5 54. Kg6 Ke4 55. Kxh5 Kf5 56. Kh6 Kf6 57. Ra6+ Kf7 58. Kg5 Rg8+ 59. Kf5 Ra8 60. h5 Ke7 61. h6 Rf8+ 62. Ke5 Ra8 63. h7 Kd7 64. h8=Q Rxh8 65. a8=Q 1-0


[Site "https://www.chess.com"]

[Event "Titled Tuesday Blitz July 05 Early 2022"]
[White "Naroditsky, Daniel"]
[Black "Zhou, Liran"]
[WhiteFideId "2026961"]
[BlackFideId "30931967"]
[WhiteElo "2608"]
[BlackElo "2786"]
[Result "1-0"]
[Round "08"]
[TimeControl "180+1"]
[Date "2022.07.05"]
[WhiteClock "0:01:27"]
[BlackClock "0:00:17"]

1. c4 Nf6 2. Nc3 g6 3. e4 d6 4. d4 Bg7 5. Be2 O-O 6. Be3 e5 7. d5 a5 8. g4 Na6 9. g5 Nd7 10. h4 f5 11. Qc2 Ndc5 12. a3 fxe4 13. Nxe4 Nxe4 14. Qxe4 Nc5 15. Bxc5 dxc5 16. Qe3 e4 17. O-O-O Bd4 18. Rxd4 cxd4 19. Qxd4 Qd6 20. Nh3 Bxh3 21. Rxh3 Qf4+ 22. Re3 Rae8 23. c5 Qe5 24. Qc4 Rxf2 25. d6+ Kg7 26. d7 Ref8 27. Rxe4 Qh2 28. Re7+ R2f7 29. Rxf7+ Rxf7 30. Qd4+ 1-0


[Site "https://www.chess.com"]

[Event "Titled Tuesday Blitz July 05 Early 2022"]
[White "Nasir, Zehn"]
[Black "Preotu, Razvan"]
[WhiteFideId "2613239"]
[BlackFideId "2613280"]
[WhiteElo "1993"]
[BlackElo "2407"]
[Result "0-1"]
[Round "08"]
[TimeControl "180+1"]
[Date "2022.07.05"]
[WhiteClock "0:00:05"]
[BlackClock "0:01:09"]

1. d4 Nf6 2. Bf4 d5 3. e3 c5 4. c3 Nc6 5. Bd3 Qb6 6. Qb3 c4 7. Qxb6 axb6 8. Bc2 b5 9. Nd2 b4 10. Ne2 Bg4 11. f3 Bh5 12. O-O Bg6 13. e4 e6 14. Rfc1 b5 15. g4 bxc3 16. bxc3 Ba3 17. Rcb1 b4 18. g5 Nd7 19. Be3 bxc3 20. Nxc3 Nb4 21. Ba4 Ke7 22. Bxd7 Kxd7 23. Nb5 Nc2 24. Nxa3 Rxa3 25. Bf2 Nxa1 26. Rxa1 Rb8 27. h4 c3 28. Nf1 dxe4 29. fxe4 Bxe4 30. Rc1 Rb1 0-1


[Site "https://www.chess.com"]

[Event "Titled Tuesday Blitz July 05 Early 2022"]
[White "Oparin, Grigoriy"]
[Black "Moiseenko, Alexander"]
[WhiteFideId "24125890"]
[BlackFideId "14102560"]
[WhiteElo "2639"]
[BlackElo "2577"]
[Result "1-0"]
[Round "08"]
[TimeControl "180+1"]
[Date "2022.07.05"]
[WhiteClock "0:00:15"]
[BlackClock "0:00:04"]

1. d4 Nf6 2. c4 e6 3. Nf3 d5 4. g3 dxc4 5. Bg2 Bd7 6. Ne5 Bc6 7. Nxc6 Nxc6 8. O-O Qd7 9. e3 O-O-O 10. Qa4 e5 11. Nc3 exd4 12. exd4 Kb8 13. Qxc4 Qxd4 14. Qxf7 Ne5 15. Qb3 Qb6 16. Qc2 Neg4 17. Na4 Qa6 18. b4 Qd3 19. Qxd3 Rxd3 20. Rb1 Ne5 21. Be3 Ra3 22. Rfd1 Bd6 23. Nc5 Nfg4 24. Nxb7 Nxe3 25. fxe3 Nc4 26. Nxd6 Nxd6 27. e4 Rxa2 28. e5 Nf5 29. Rd3 Re2 30. Rbd1 Kc8 31. Rd5 Rxg2+ 32. Kxg2 Ne3+ 33. Kf3 Nxd1 34. Rxd1 Rd8 35. Ra1 Rd4 36. Rxa7 Rxb4 37. Ra8+ Kd7 38. Rg8 g6 39. Rg7+ Ke6 40. Rxh7 Kxe5 41. Rxc7 Kf6 42. h4 Ra4 43. Rd7 Rb4 44. Ke3 Ra4 45. Rd5 Rb4 46. Kf3 Ra4 47. Rd3 Rb4 48. Re3 Ra4 49. Re4 Ra3+ 50. Kf4 Ra1 51. Kg4 Rf1 52. Rf4+ Rxf4+ 53. Kxf4 Kg7 54. Kg5 Kf7 55. Kh6 Kf6 56. g4 Kf7 57. g5 1-0


[Site "https://www.chess.com"]

[Event "Titled Tuesday Blitz July 05 Early 2022"]
[White "Paichadze, Luka"]
[Black "Leiva, Gianmarco"]
[WhiteFideId "13602934"]
[BlackFideId "3804399"]
[WhiteElo "2537"]
[BlackElo "2323"]
[Result "1-0"]
[Round "08"]
[TimeControl "180+1"]
[Date "2022.07.05"]
[WhiteClock "0:00:14"]
[BlackClock "0:00:01"]

1. e4 c5 2. Nf3 d6 3. d4 cxd4 4. Qxd4 Nf6 5. Bg5 Nc6 6. Bb5 e6 7. Nc3 Be7 8. O-O-O Bd7 9. Bxc6 Bxc6 10. Qd3 h6 11. Bf4 d5 12. Ne5 O-O 13. exd5 Bxd5 14. Rhe1 Rc8 15. g4 Bb4 16. g5 Bxc3 17. bxc3 hxg5 18. Bxg5 Qa5 19. Bxf6 Rxc3 20. Rg1 Qa3+ 21. Kd2 Rxd3+ 22. Nxd3 g6 23. Rg3 Qa5+ 24. c3 Qxa2+ 25. Ke1 Bg2 26. Rxg2 Qd5 27. Rg4 Qf5 28. Rf4 Qd5 29. Rh4 Qh1+ 30. Ke2 Qe4+ 31. Rxe4 1-0


[Site "https://www.chess.com"]

[Event "Titled Tuesday Blitz July 05 Early 2022"]
[White "Pesotskiy, Mikhail"]
[Black "Rosen, Eric"]
[WhiteFideId "34164453"]
[BlackFideId "2032562"]
[WhiteElo "2010"]
[BlackElo "2362"]
[Result "1-0"]
[Round "08"]
[TimeControl "180+1"]
[Date "2022.07.05"]
[WhiteClock "0:00:09"]
[BlackClock "0:00:06"]

1. c4 e5 2. g3 Nf6 3. Bg2 Nc6 4. Nc3 Bc5 5. e3 d5 6. cxd5 Nb4 7. d4 exd4 8. exd4 Be7 9. Nge2 Nbxd5 10. O-O O-O 11. Nf4 Nxc3 12. bxc3 c6 13. Qb3 Qc7 14. Re1 Bd6 15. Rb1 Bf5 16. Rb2 Rab8 17. Rbe2 Rfe8 18. Ba3 Bxf4 19. Rxe8+ Rxe8 20. Rxe8+ Nxe8 21. gxf4 Nf6 22. Qb4 h5 23. Qe7 Qxf4 24. Qf8+ Kh7 25. Qxf7 Ng4 26. Qxh5+ Nh6 27. h3 Qd2 28. Bd6 Qe1+ 29. Kh2 Qxf2 30. Be5 Be4 31. Qg5 Nf5 32. Qh5+ Kg8 33. Qe8+ Kh7 34. Qh5+ Nh6 35. Qg5 Qxg2+ 36. Qxg2 Bxg2 37. Kxg2 Kg6 38. Kf3 Nf5 39. Ke4 Ne7 40. c4 Kf7 41. d5 cxd5+ 42. cxd5 g6 43. d6 Nc6 44. Kd5 Nxe5 45. Kxe5 b5 46. Kd5 Ke8 47. Kc5 a6 48. Kb6 Kd7 49. Kxa6 b4 50. Kb5 Kxd6 51. Kxb4 Kd5 52. a4 Kc6 53. Kc4 g5 54. Kd4 Kb6 55. Ke4 Ka5 56. Kf5 g4 57. hxg4 Kxa4 58. g5 Kb4 59. g6 1-0


[Site "https://www.chess.com"]

[Event "Titled Tuesday Blitz July 05 Early 2022"]
[White "Rostovtsev, Dmitry"]
[Black "Franca, Ricardo Bedin"]
[WhiteFideId "34278320"]
[BlackFideId "2107066"]
[WhiteElo "2232"]
[BlackElo "2549"]
[Result "1-0"]
[Round "08"]
[TimeControl "180+1"]
[Date "2022.07.05"]
[WhiteClock "0:00:46"]
[BlackClock "0:01:16"]

1. c4 e5 2. Nc3 Nc6 3. Nf3 Nf6 4. e4 Bc5 5. Nxe5 Nxe5 6. d4 Bxd4 7. Qxd4 Nc6 8. Qd1 d6 9. Be2 O-O 10. Bg5 h6 11. Bh4 Be6 12. f3 Ne5 13. b3 Ng6 14. Bg3 Nh5 15. Qd2 Qg5 16. Qxg5 hxg5 17. Nd5 Rac8 18. Bf2 c6 19. Nc3 a6 20. g3 Rfd8 21. f4 Nhxf4 22. gxf4 Nxf4 23. Bf3 b5 24. cxb5 axb5 25. Bg3 f6 26. Bxf4 gxf4 27. h4 b4 28. Ne2 g5 29. hxg5 fxg5 30. Rg1 d5 31. Rxg5+ Kf7 32. Nxf4 dxe4 33. Bh5+ Kf6 34. Rg6+ Kf5 35. Nxe6 Rh8 36. Ng7+ Ke5 37. Rg5+ Kf4 38. Rf5+ Ke3 39. O-O-O Rcg8 40. Rg1 Rh7 41. Rg3+ Kd4 42. Ne6# 1-0


[Site "https://www.chess.com"]

[Event "Titled Tuesday Blitz July 05 Early 2022"]
[White "Samunenkov, Ihor"]
[Black "Vlassov, Nikolai"]
[WhiteFideId "14187086"]
[BlackFideId "4103360"]
[WhiteElo "2409"]
[BlackElo "2324"]
[Result "0-1"]
[Round "08"]
[TimeControl "180+1"]
[Date "2022.07.05"]
[WhiteClock "0:00:02"]
[BlackClock "0:00:52"]

1. d4 Nf6 2. c4 Nc6 3. Nf3 e6 4. Nc3 Bb4 5. Bd2 d6 6. e3 O-O 7. a3 Bxc3 8. Bxc3 Ne4 9. Rc1 Qe7 10. Bd3 Nxc3 11. Rxc3 e5 12. dxe5 dxe5 13. Be4 Bg4 14. Qc2 f5 15. Bd5+ Kh8 16. Nd2 Nd4 17. Qb1 c6 18. h3 Bh5 19. g4 cxd5 20. gxh5 dxc4 21. Kf1 Ne6 22. Nxc4 Ng5 23. Nd2 Rad8 24. Qc2 Rd7 25. h4 Qd8 26. Ke2 Ne6 27. Nf3 e4 28. Ne5 Rd5 29. Nf7+ Rxf7 30. Rc8 Rd2+ 31. Qxd2 Qxc8 32. Rc1 Rc7 33. Rd1 Rc2 0-1


[Site "https://www.chess.com"]

[Event "Titled Tuesday Blitz July 05 Early 2022"]
[White "Seemann, Jakub"]
[Black "Vasquez Schroeder, Rodrigo"]
[WhiteFideId "21874697"]
[BlackFideId "3400042"]
[WhiteElo "2033"]
[BlackElo "2567"]
[Result "1/2-1/2"]
[Round "08"]
[TimeControl "180+1"]
[Date "2022.07.05"]
[WhiteClock "0:00:11"]
[BlackClock "0:00:31"]

1. c4 c5 2. Nc3 Nf6 3. Nf3 e6 4. g3 b6 5. Bg2 Bb7 6. O-O a6 7. b3 Be7 8. Bb2 O-O 9. Re1 d6 10. e4 Qc7 11. d4 cxd4 12. Nxd4 Nbd7 13. Qd2 Rac8 14. Rad1 Qb8 15. a4 Rfe8 16. a5 bxa5 17. Ra1 Qc7 18. f3 Nc5 19. Na4 Ncd7 20. Bc3 Bd8 21. Nb2 Qb8 22. Bxa5 Nc5 23. Bxd8 Rexd8 24. b4 Ncd7 25. Nb3 Ne5 26. Na5 Ba8 27. Rec1 Qb6+ 28. Kh1 Rb8 29. Ra4 Nc6 30. Nd3 Nd4 31. Ra2 e5 32. Qc3 Rdc8 33. c5 Qd8 34. Qe1 dxc5 35. bxc5 Qc7 36. Nc4 Nd7 37. Nd6 Rd8 38. Rxa6 Nb3 39. Rc3 Ndxc5 40. Nxc5 Nxc5 41. Qc1 Rxd6 42. Rxd6 Qxd6 43. Rxc5 h6 44. h4 Bb7 45. Kh2 Rd8 46. Rc7 Ba8 47. Qc5 Qxc5 48. Rxc5 f6 49. g4 Bb7 50. Kg3 Ba6 51. Rc7 Rd2 52. Bh3 g5 53. hxg5 hxg5 54. Bg2 Bb5 55. Rb7 Ba4 56. Ra7 Bb3 57. Rb7 Bf7 58. Rc7 Kg7 59. Bf1 Kg6 60. Bb5 Rd6 61. Bd7 Kg7 62. Bb5 Kf8 63. Kf2 Be6 64. Ke3 Rb6 65. Bc4 Bxc4 66. Rxc4 Ke7 67. Rc3 Kd6 68. Rd3+ Kc5 69. Rc3+ Kb4 70. Rd3 Kc4 71. Rd1 Rb3+ 72. Kf2 Rd3 73. Ra1 Rd6 74. Rc1+ Kb3 75. Rc7 Kb4 76. Ke3 Kb5 77. Rc8 Kb6 78. Rc3 Rc6 79. Rb3+ Kc5 80. Rc3+ Kb5 81. Rb3+ Kc4 82. Rb8 Kc3 83. Rd8 Kc2 84. Rd2+ Kc1 85. Rd8 Rc3+ 86. Ke2 Rc6 87. Ke3 Rb6 88. Ke2 Kc2 89. Rc8+ Kb3 90. Kd3 Rd6+ 91. Ke3 Kb4 92. Ke2 Kb5 93. Ke3 Rc6 94. Rd8 Kc5 95. Rd5+ Kc4 96. Rd8 Rb6 97. Ke2 Kc5 98. Rd5+ Kc6 99. Ke3 Rb5 100. Rd8 Rb6 101. Ke2 Kc7 102. Rd1 Rb2+ 103. Ke3 Rb3+ 104. Ke2 Kc6 105. Rd8 Rb6 106. Rd5 Kc7 107. Ke3 Rd6 108. Rxd6 Kxd6 109. Kd3 Kc5 110. Kc3 Kb5 111. Kb3 Kc5 112. Kc3 Kb5 113. Kb3 Kc5 114. Kc3 1/2-1/2


[Site "https://www.chess.com"]

[Event "Titled Tuesday Blitz July 05 Early 2022"]
[White "Severino, Sander"]
[Black "Kosteniuk, Alexandra"]
[WhiteFideId "5204100"]
[BlackFideId "4128125"]
[WhiteElo "2408"]
[BlackElo "2469"]
[Result "1-0"]
[Round "08"]
[TimeControl "180+1"]
[Date "2022.07.05"]
[WhiteClock "0:00:04"]
[BlackClock "0:00:08"]

1. d4 f5 2. Nf3 Nf6 3. g3 g6 4. Bg2 Bg7 5. O-O O-O 6. b3 d6 7. Bb2 Qe8 8. c4 Nc6 9. Nc3 Bd7 10. Re1 h6 11. Rc1 g5 12. d5 Nd8 13. e4 Nxe4 14. Nd4 Nxc3 15. Bxc3 f4 16. Qd3 Qf7 17. Rc2 c5 18. Ne6 Bxe6 19. dxe6 Qf5 20. Be4 Qh3 21. Bg2 Qf5 22. Be4 Qh3 23. Bg2 Qh5 24. Bf3 g4 25. Be4 f3 26. h4 gxh3 27. Kh2 Nc6 28. Bg6 Qg5 29. Bh7+ Kh8 30. Bd2 Qf6 31. Be4 Ne5 32. Qf1 Ng4+ 33. Kh1 Qxe6 34. Bxb7 Qf5 35. Be4 Qh5 36. Bxa8 Rxa8 37. Rxe7 Bd4 38. Bc3 Qf5 39. Bxd4+ cxd4 40. Rd2 d3 41. Re1 Ne5 42. Re3 h5 43. Rexd3 Nxd3 44. Qxd3 Qxd3 45. Rxd3 Re8 46. Rxf3 Re2 47. a4 Kg7 48. Kh2 Rd2 49. Kxh3 Kg6 50. Kg2 Kg5 51. Rf7 Rd3 52. Rb7 a5 53. Rb5+ Kg6 54. Rd5 Rxb3 55. Rxd6+ Kf7 56. Rd5 Rb4 57. Rxa5 Rxc4 58. Ra7+ Kg6 59. a5 h4 60. gxh4 Rxh4 61. Kg3 Ra4 62. a6 Ra3+ 63. f3 Ra1 64. Ra8 Kg7 65. Kf4 Ra4+ 66. Ke5 Ra5+ 67. Kd6 Rf5 68. Kc6 Rf6+ 69. Kb5 Rf5+ 70. Kb6 Rf6+ 71. Kc5 Rf5+ 72. Kd4 Rxf3 73. Rb8 Ra3 74. Rb7+ Kf6 75. a7 Ke6 76. Kc5 Ra1 77. Kc6 Rc1+ 78. Kb6 Ra1 79. Kc7 1-0


[Site "https://www.chess.com"]

[Event "Titled Tuesday Blitz July 05 Early 2022"]
[White "Sjugirov, Sanan"]
[Black "Bortnyk, Olexandr"]
[WhiteFideId "4189302"]
[BlackFideId "14120828"]
[WhiteElo "2609"]
[BlackElo "2723"]
[Result "1-0"]
[Round "08"]
[TimeControl "180+1"]
[Date "2022.07.05"]
[WhiteClock "0:00:05"]
[BlackClock "0:00:03"]

1. e4 d6 2. d4 Nf6 3. Nc3 Nbd7 4. Nf3 e5 5. Bc4 Be7 6. O-O c6 7. a4 h6 8. Re1 Qc7 9. Ba2 g5 10. Be3 Ng4 11. Qd3 Nf8 12. d5 Ng6 13. dxc6 bxc6 14. b4 O-O 15. b5 Nxe3 16. Qxe3 Rb8 17. h4 Nf4 18. hxg5 hxg5 19. g3 Qd7 20. gxf4 exf4 21. Qd3 Qg4+ 22. Kf1 Bf6 23. Ke2 Re8 24. Rg1 Qh5 25. Rh1 Qg6 26. Rag1 d5 27. e5 Bf5 28. Qd4 Rxe5+ 29. Nxe5 Re8 30. Kd2 Bxe5 31. Qc5 Bxc2 32. Kc1 Bf5 33. bxc6 Bd6 34. Qd4 Be5 35. Qxd5 g4 36. Re1 Qf6 37. c7 f3 38. Rxe5 Qxe5 39. Qxe5 Rxe5 40. Rh5 Rc5 41. Kd2 g3 42. fxg3 f2 43. Rxf5 Rxc7 44. Rxf2 Kg7 45. Rxf7+ Rxf7 46. Bxf7 Kxf7 47. Nb5 1-0


[Site "https://www.chess.com"]

[Event "Titled Tuesday Blitz July 05 Early 2022"]
[White "Terry, Renato"]
[Black "Timofeev, Artyom"]
[WhiteFideId "3803457"]
[BlackFideId "4140419"]
[WhiteElo "2577"]
[BlackElo "2578"]
[Result "0-1"]
[Round "08"]
[TimeControl "180+1"]
[Date "2022.07.05"]
[WhiteClock "0:00:03"]
[BlackClock "0:00:07"]

1. d4 Nf6 2. Bg5 d5 3. Bxf6 exf6 4. e3 Bd6 5. c4 dxc4 6. Bxc4 O-O 7. Nf3 Bg4 8. Qb3 Qc8 9. Nbd2 c6 10. h3 Bxf3 11. Nxf3 Nd7 12. O-O Nb6 13. Bd3 Qe6 14. Qc2 g6 15. e4 Rac8 16. a3 c5 17. d5 Qe7 18. b3 Nd7 19. a4 a6 20. Rfe1 Kg7 21. Nd2 Be5 22. Rad1 Bd4 23. Bf1 Ne5 24. Nc4 Qd7 25. Nb6 Qc7 26. Nxc8 Rxc8 27. Kh1 g5 28. g3 Qd7 29. Bg2 b5 30. axb5 axb5 31. f4 Ng6 32. Rf1 Re8 33. Qd3 gxf4 34. gxf4 b4 35. Qg3 Kh8 36. Bf3 Rg8 37. Bg4 Qd6 38. Qf3 Nh4 39. Qg3 Ng6 40. Rd2 Ne7 41. Qh4 f5 42. Bf3 fxe4 43. Bxe4 f5 44. Bf3 Nxd5 45. Rg2 Rxg2 46. Bxg2 Ne3 47. Re1 c4 48. bxc4 b3 49. Qf2 b2 50. Qe2 Qxf4 51. Rb1 Kg7 52. Rxb2 Bxb2 53. Qxb2+ Kg6 54. c5 Qc4 55. c6 Nxg2 56. Qxg2+ Kf6 57. Qf3 Qc1+ 58. Kg2 Qc2+ 59. Kf1 Qc1+ 60. Kg2 Qc2+ 61. Kf1 Qc1+ 62. Ke2 Qc2+ 63. Ke1 Qc1+ 64. Kf2 Qc2+ 65. Kg3 Qc5 66. Qf4 Qc3+ 67. Kg2 Qxc6+ 68. Kh2 Qc2+ 69. Kg3 Qc3+ 70. Kg2 Kg6 71. Qd6+ Qf6 72. Qb8 Qg5+ 73. Kf3 Qh5+ 74. Kg3 Qg5+ 75. Kf3 Qe7 76. Qb6+ Kf7 77. Qb3+ Qe6 78. Qb7+ Kg6 79. Qa8 Qb3+ 80. Kf4 Qc4+ 81. Kf3 Qd3+ 82. Kf4 Qd4+ 83. Kf3 Qf6 84. Kg2 Kg5 85. Qa4 f4 86. Kf3 Qc3+ 87. Ke2 Qe3+ 88. Kf1 Qxh3+ 89. Ke2 Qe3+ 90. Kd1 h5 91. Qb5+ Kg4 92. Qd7+ Kg3 93. Qg7+ Kf2 94. Qb2+ Kg1 95. Qg7+ Qg3 96. Qd4+ Kh2 97. Qd2+ Kh3 98. Qd5 Qg4+ 99. Ke1 Qg3+ 100. Kf1 Kg4 101. Qe6+ Kg5 102. Qe7+ Kg4 103. Qe6+ Kh4 104. Qf6+ Kh3 105. Qf5+ Qg4 106. Qd3+ f3 107. Qd2 Qg2+ 108. Qxg2+ fxg2+ 109. Kg1 h4 110. Kf2 Kh2 0-1


[Site "https://www.chess.com"]

[Event "Titled Tuesday Blitz July 05 Early 2022"]
[White "Vakhlamov, Igor L."]
[Black "Khripachenko, Alexander"]
[WhiteFideId "24126748"]
[BlackFideId "54184975"]
[WhiteElo "2401"]
[BlackElo "2147"]
[Result "1-0"]
[Round "08"]
[TimeControl "180+1"]
[Date "2022.07.05"]
[WhiteClock "0:02:41"]
[BlackClock "0:02:18"]

1. e4 e5 2. Nf3 Nf6 3. Nc3 Nc6 4. Bb5 Nd4 5. Nxd4 exd4 6. e5 dxc3 7. exf6 Qxf6 8. dxc3 c6 9. Bd3 d5 10. O-O Bd6 11. Qh5 g6 12. Qh6 Be6 13. Bg5 Qe5 14. Rae1 1-0


[Site "https://www.chess.com"]

[Event "Titled Tuesday Blitz July 05 Early 2022"]
[White "Xu, Yi"]
[Black "Papp, Levente"]
[WhiteFideId "8605564"]
[BlackFideId "751243"]
[WhiteElo "2471"]
[BlackElo "2308"]
[Result "1-0"]
[Round "08"]
[TimeControl "180+1"]
[Date "2022.07.05"]
[WhiteClock "0:00:12"]
[BlackClock "0:00:13"]

1. e4 e6 2. d4 d5 3. Nc3 Bb4 4. e5 Ne7 5. a3 Bxc3+ 6. bxc3 b6 7. Nf3 Ba6 8. Bxa6 Nxa6 9. Qd3 Nb8 10. h4 Nbc6 11. h5 h6 12. a4 Na5 13. Ba3 Qd7 14. O-O Nc4 15. Nh4 Nxa3 16. Rxa3 c5 17. f4 Rc8 18. f5 cxd4 19. f6 gxf6 20. exf6 Qd6 21. cxd4 Nc6 22. Nf3 Rg8 23. Qh7 Qg3 24. Nh4 Qg4 25. Ng6 Qxd4+ 26. Kh2 Kd7 27. Qxf7+ Kd6 28. Qh7 Qg4 29. Qxh6 Ne5 30. f7 Nxg6 31. fxg8=Q Rxg8 32. hxg6 Qe2 33. Qf4+ e5 34. Qf6+ Kc5 35. Qf2+ Qxf2 36. Rxf2 Rxg6 37. Rb3 Rg4 38. Rb5+ Kc6 39. Rf6+ Kb7 40. Rxd5 1-0


[Site "https://www.chess.com"]

[Event "Titled Tuesday Blitz July 05 Early 2022"]
[White "Yaksin, Oleg"]
[Black "Lashkin, Jegor"]
[WhiteFideId "24105880"]
[BlackFideId "13907808"]
[WhiteElo "2256"]
[BlackElo "2368"]
[Result "1/2-1/2"]
[Round "08"]
[TimeControl "180+1"]
[Date "2022.07.05"]
[WhiteClock "0:00:09"]
[BlackClock "0:00:17"]

1. d4 Nf6 2. c4 e6 3. g3 d5 4. Nf3 dxc4 5. Bg2 c6 6. Ne5 Bb4+ 7. Nc3 Nd5 8. Bd2 b5 9. a4 f6 10. e4 Ne7 11. Nf3 Bxc3 12. bxc3 O-O 13. O-O a5 14. Nh4 Ra7 15. f4 Na6 16. g4 b4 17. f5 bxc3 18. Bxc3 Nb4 19. Qd2 Nd3 20. Rab1 c5 21. dxc5 Nxc5 22. Qe3 Rc7 23. Bxa5 Nd3 24. Bxc7 Qxc7 25. Rfd1 Nc6 26. Qb6 Qf4 27. Rxd3 cxd3 28. Qxc6 Qe3+ 29. Kh1 d2 30. Nf3 exf5 31. exf5 Rd8 32. Rd1 Qe2 33. Qc2 Bb7 34. Rxd2 Rxd2 35. Qxd2 Bxf3 36. Qxe2 Bxe2 37. Bb7 Bxg4 38. a5 Be2 39. a6 Bxa6 40. Bxa6 g6 41. Bd3 gxf5 42. Bxf5 Kg7 43. Kg2 h5 44. Kg3 Kh6 45. Kh4 Kg7 46. Kxh5 Kh8 47. Kh6 Kg8 48. Kg6 Kh8 49. h4 Kg8 50. Kh6 Kh8 51. h5 Kg8 52. Kg6 Kh8 53. Kh6 Kg8 54. Bg6 Kh8 55. Bh7 f5 56. Bxf5 Kg8 57. Kg6 Kh8 58. h6 Kg8 59. h7+ Kh8 60. Kh6 1/2-1/2


[Site "https://www.chess.com"]